Selects Airborne Battlegroup
Construct Weapon Support Center
Selects Paratrooper Squad Paradrop
Paratrooper Squad Paradrop
Paratrooper Squad Paradrop
Mechanized Support Center
Designate Forward Repair Station
Selects Anti-tank Gun Team Paradrop
Paratrooper Squad Paradrop
M4A1(76) Sherman Medium Tank
Selects Dual P-47 Rocket Strike
Paratrooper Squad Paradrop
Paratrooper Squad Paradrop
M4A1(76) Sherman Medium Tank
Selects Dual P-47 Rocket Strike